[Event "Early-Titled-Tuesday-Blitz-October-24-2023"]
[Site "Chess.com"]
[Date "2023.10.24"]
[Round "1"]
[White "CristianS27"]
[Black "dropstoneDP"]
[Result "0-1"]
[WhiteElo "2518"]
[BlackElo "3084"]
[TimeControl "180+1"]
[EndTime "8:04:59 PDT"]
[Termination "dropstoneDP won by resignation"]

1. e4 e5 2. Nf3 Nf6 3. Nxe5 d6 4.
Nf3 Nxe4 5. d4 d5 6. Bd3 Bd6 7. O-O O-O 8. c4 c6 9. cxd5 cxd5 10. Nc3 Re8 11. Re1 Nxc3 12. Rxe8+ Qxe8 13. bxc3 Nd7 14. Rb1 Nf6 15. c4 dxc4 16. Bxc4 b6 17. Ng5 Qe7 18.
Nxf7 Be6 19. Bxe6 Qxe6 20. Nxd6 Qxd6 21. Be3 Rc8 22. h3 Qd5 23. Qb3 Qxb3 24. axb3 Nd5 25. Ra1 a5 26. Kf1 Rc3 27. Rb1 Nxe3+ 28. fxe3 Rxe3 29.
b4 a4 30. b5 Rb3 31. Ra1 a3 32. Ke2 Kf7 33. Kd2 Ke6 34. Kc2 Rb2+ 35. Kc3 Rxg2 36.
Rxa3 Rg3+ 37. Kb4 Rxa3 38. Kxa3 Kd5 0-1

[Event "Early-Titled-Tuesday-Blitz-October-24-2023"]
[Site "Chess.com"]
[Date "2023.10.24"]
[Round "1"]
[White "Noki102"]
[Black "carokannlover213"]
[Result "0-1"]
[WhiteElo "2395"]
[BlackElo "2721"]
[TimeControl "180+1"]
[EndTime "8:05:06 PDT"]
[Termination "carokannlover213 won by resignation"]

1. d4 g6 2. Nc3 Bg7 3. e4 c6 4. h4 d5 5. e5 h5 6. Nh3 Bg4 7. Be2 Bxe2 8. Nxe2 e6 9. Ng5 Nd7 10.
Nf4 Qa5+ 11. Bd2 Qb6 12. Qf3 Nh6 13. Nfxe6 fxe6 14. Nxe6 Nf5 15. Qa3 Bf8 16. Qd3 c5 17. dxc5 Qxe6 0-1

[Event "Early-Titled-Tuesday-Blitz-October-24-2023"]
[Site "Chess.com"]
[Date "2023.10.24"]
[Round "1"]
[White "suspiciumchess"]
[Black "RandomNoob04"]
[Result "0-1"]
[WhiteElo "2288"]
[BlackElo "2613"]
[TimeControl "180+1"]
[EndTime "8:05:09 PDT"]
[Termination "RandomNoob04 won by checkmate"]

1. d4 Nf6 2. c4 c5 3. d5 b5 4. cxb5 a6 5. b6 Qxb6 6. Nc3 d6 7. Nf3 g6 8. e4 Bg7 9. a4 O-O 10. Be2 Nbd7 11. O-O Qc7 12. Nd2 Bb7 13. Nc4 Nb6 14.
Bf4 Nxc4 15. Bxc4 Nd7 16. Re1 Ne5 17. Bf1 e6 18. Bg3 Rfe8 19. Qd2 Rad8 20. Rad1 Qe7 21. f4 Ng4 22. h3 Bd4+ 23. Kh1 Nf6 24. Bh4 Qd7 25. dxe6 Rxe6 26. Bc4 Rxe4 27. Nxe4 Nxe4 28.
Rxe4 Bxe4 29. Bxd8 Qxh3# 0-1

[Event "Early-Titled-Tuesday-Blitz-October-24-2023"]
[Site "Chess.com"]
[Date "2023.10.24"]
[Round "1"]
[White "Fonsofan"]
[Black "MarijaKuznecova"]
[Result "1-0"]
[WhiteElo "2727"]
[BlackElo "2400"]
[TimeControl "180+1"]
[EndTime "8:05:14 PDT"]
[Termination "Fonsofan won on time"]

1. c4 c5 2. Nc3 Nc6 3. Nf3 e5 4.
g3 d6 5. Bg2 g6 6. O-O Bg7 7. Ne1 Nge7 8. Nc2 O-O 9. Ne3 Be6 10.
a3 a5 11. Rb1 f5 12. d3 Nd4 13. b4 axb4 14. axb4 f4 15. Ned5 f3 16. Nxe7+ Qxe7 17. exf3 cxb4 18. Ne4 Ra2 19. Bg5 Qd7 20. Rxb4 Bh3 21.
Qb1 Ra7 22. Nd2 Qf5 23. Be3 Ne2+ 24. Kh1 Bxg2+ 25. Kxg2 1-0

[Event "Early-Titled-Tuesday-Blitz-October-24-2023"]
[Site "Chess.com"]
[Date "2023.10.24"]
[Round "1"]
[White "noblerone"]
[Black "Firouzja2003"]
[Result "0-1"]
[WhiteElo "2520"]
[BlackElo "3094"]
[TimeControl "180+1"]
[EndTime "8:05:15 PDT"]
[Termination "Firouzja2003 won by resignation"]

1. d4 Nf6 2. Nf3 g6 3. Bg5 Bg7 4. Nbd2 O-O 5. c3 d5 6. e3 c5 7.
Be2 Nbd7 8. O-O b6 9. a4 Bb7 10. a5 h6 11. Bh4 g5 12. Bg3 Nh5 13. Be5 Nxe5 14. Nxe5 Bxe5 15. dxe5 Ng7 16. f4 Nf5 17. Rf3 g4 18. Rg3 Nxg3 19. hxg3 d4 20. cxd4 cxd4 21. e4 d3 22. Bxg4 Qd4+ 23. Kh2 Bc8 24. Bxc8 Raxc8 25.
Qg4+ Kh8 26. Qh5 Rc6 27. Nf3 Qxb2 28. Rd1 Qe2 29. Re1 Qf2 30. Rd1 Rg8 31. Ng5 Qe2 32. Nxf7+ Kg7 33. Qf5 Qxd1 34. e6 Rxe6 35. Qxe6 Qh5+ 36.
Kg1 Qxf7 0-1

[Event "Early-Titled-Tuesday-Blitz-October-24-2023"]
[Site "Chess.com"]
[Date "2023.10.24"]
[Round "1"]
[White "Ind1anStar"]
[Black "GHANDEEVAM2003"]
[Result "0-1"]
[WhiteElo "2514"]
[BlackElo "3029"]
[TimeControl "180+1"]
[EndTime "8:05:22 PDT"]
[Termination "GHANDEEVAM2003 won by resignation"]

1. d4 g6 2. e4 Bg7 3. Nc3 a6 4. g4 b5 5. Bg2 Bb7 6. Be3 b4 7. Nce2 Nf6 8. Ng3 h5 9. g5 Nh7 10. h4 c5 11. N1e2 Qc7 12. c3 bxc3 13. bxc3 Nc6 14. O-O O-O 15. Rb1 Rab8 16. f4 Na5 17. f5 Bc6 18. Rxb8 Rxb8 19. Bf4 d6 20. dxc5 Qa7 21. Be3 Nc4 22. Bf2 dxc5 23. Nf4 Nf8 24.
fxg6 fxg6 25. Bh3 Ne5 26. Ne6 Qd7 27. Qxd7 Bxd7 28. Nxf8 Bxh3 29. Nxg6 Nxg6 30. Rd1 Nxh4 31. Nxh5 Bg4 32. Bxh4 Bxd1 0-1

[Event "Early-Titled-Tuesday-Blitz-October-24-2023"]
[Site "Chess.com"]
[Date "2023.10.24"]
[Round "1"]
[White "vugarrasulov"]
[Black "angryspacevoid"]
[Result "1-0"]
[WhiteElo "2996"]
[BlackElo "2513"]
[TimeControl "180+1"]
[EndTime "8:05:22 PDT"]
[Termination "vugarrasulov won by resignation"]

1. e3 c5 2. d4 cxd4 3. exd4 d5 4. c4 Nf6 5. Nc3 e6 6. Nf3 Bb4 7. cxd5 exd5 8. Bd3 Qe7+ 9. Be3 Ng4 10. O-O Nxe3 11.
fxe3 Bxc3 12. bxc3 O-O 13. Kh1 Nc6 14. Qd2 Bg4 15. Rae1 f5 16. Ng1 g6 17. c4 dxc4 18. Bxc4+ Kh8 19. Qb2 Qg7 20. Bd5 Rac8 21. h3 Bh5 22. Rc1 g5 23. Bxc6 bxc6 24. Rc5 Bg6 25. Nf3 h6 26. Ne5 Bf7 27. Nxc6 f4 28. exf4 gxf4 29.
Rxf4 Rxc6 30. Rxc6 Bd5 31. Rxf8+ Qxf8 32. Rc1 Qf5 33. Qb8+ Kh7 34. Qc7+ Kg6 35. Qg3+ Kh7 36. Rc7+ Bf7 37. Kh2 h5 38. h4 Kh6 39. Qg5+ Qxg5 40.
hxg5+ Kg6 41. Rxa7 1-0

[Event "Early-Titled-Tuesday-Blitz-October-24-2023"]
[Site "Chess.com"]
[Date "2023.10.24"]
[Round "1"]
[White "M_One1126"]
[Black "twitchTriniCupid"]
[Result "1-0"]
[WhiteElo "2628"]
[BlackElo "2316"]
[TimeControl "180+1"]
[EndTime "8:05:22 PDT"]
[Termination "M_One1126 won by resignation"]

1. e4 c6 2. d4 d5 3. Nc3 dxe4 4. Nxe4 Nf6 5. Nxf6+ exf6 6. Bc4 Bd6 7. Qe2+ Qe7 8.
Qxe7+ Bxe7 9. Ne2 O-O 10. O-O Be6 11. Bd3 Bd6 12. Bf4 Rd8 13. Rfe1 Bb4 14. c3 Bf8 15. Bc7 Rd7 16. Bg3 Bd6 17. Nf4 Bxf4 18. Bxf4 Rd8 19. b3 Nd7 20. Rad1 a5 21. c4 a4 22. b4 a3 23. h3 Re8 24. d5 cxd5 25. cxd5 Bxd5 26. Rxe8+ Rxe8 27. Bb5 Bxa2 28. Bxd7 Rd8 29.
Ba4 Rxd1+ 30. Bxd1 Bb3 31. Bxb3 1-0

[Event "Early-Titled-Tuesday-Blitz-October-24-2023"]
[Site "Chess.com"]
[Date "2023.10.24"]
[Round "1"]
[White "Jojo_898"]
[Black "NovozhilovSemen"]
[Result "0-1"]
[WhiteElo "2353"]
[BlackElo "2670"]
[TimeControl "180+1"]
[EndTime "8:05:23 PDT"]
[Termination "NovozhilovSemen won by resignation"]

1. e4 c5 2. Nf3 Nc6 3. c3 Nf6 4. Bd3 e5 5. O-O g6 6. Bc2 Bg7 7. d4 cxd4 8. cxd4 exd4 9. Nxd4 O-O 10. Nc3 Nxe4 11. Bxe4 Nxd4 12. Be3 Nc6 13. Bc5 Re8 14. Re1 b6 15. Bd6 Bb7 16. Nd5 Rc8 17. Qd2 Kh8 18. Qf4 Ne5 19. Bxe5 Rxe5 20. Qxf7 Qe8 21. Qxe8+ Rcxe8 22. f3 Bxd5 0-1

[Event "Early-Titled-Tuesday-Blitz-October-24-2023"]
[Site "Chess.com"]
[Date "2023.10.24"]
[Round "1"]
[White "louis198"]
[Black "AndresDelgado77"]
[Result "1-0"]
[WhiteElo "2670"]
[BlackElo "2351"]
[TimeControl "180+1"]
[EndTime "8:05:23 PDT"]
[Termination "louis198 won on time"]

1. d4 Nf6 2. Bf4 c5 3. c3 cxd4 4. cxd4 Qb6 5. Qc2 Nc6 6. e3 g5 7. Bg3 h5 8. h4 Ne4 9. Ne2 d5 10. Nbc3 Bf5 11. Qb3 Qxb3 12. axb3 Nb4 13. Nb5 Nd3+ 14.
Kd1 Ndxf2+ 15. Bxf2 Nxf2+ 16. Ke1 Nd3+ 17. Kd2 Kd7 18. Ng3 Bg6 19. Bxd3 Bxd3 20. Kxd3 g4 21. Rxa7 Rxa7 22. Nxa7 Bg7 23. Nb5 Kc6 24. Nc3 e6 25. Rf1 f5 26. b4 Bf6 27. b5+ Kd6 28. Rh1 Ra8 29. Nge2 1-0

[Event "Early-Titled-Tuesday-Blitz-October-24-2023"]
[Site "Chess.com"]
[Date "2023.10.24"]
[Round "1"]
[White "Arimin1329"]
[Black "Buzhizhebuguai"]
[Result "0-1"]
[WhiteElo "2315"]
[BlackElo "2632"]
[TimeControl "180+1"]
[EndTime "8:05:23 PDT"]
[Termination "Buzhizhebuguai won by resignation"]

1. Nf3 Nf6 2. d4 b6 3. g3 Bb7 4. Bg2 g6 5. O-O Bg7 6. b3 O-O 7. Bb2 d6 8. Nbd2 Nbd7 9. Re1 c5 10. dxc5 bxc5 11. e4 Qc7 12. e5 Nd5 13. c4 Nb4 14.
exd6 exd6 15. Bxg7 Kxg7 16. Nb1 Nf6 17. Nc3 Rfe8 18. Rxe8 Nxe8 19. a3 Nc6 20. Qd2 Rd8 21. Re1 Nf6 22. h4 a6 23. Qb2 Kg8 24. Ng5 Nd4 25. Nd5 Bxd5 26. cxd5 Re8 27. Rd1 Re2 28. Qc3 Qe7 29. Kh2 Ng4+ 30. Kg1 Rxf2 31. Rxd4 cxd4 32.
Qxd4 Qe1+ 0-1

[Event "Early-Titled-Tuesday-Blitz-October-24-2023"]
[Site "Chess.com"]
[Date "2023.10.24"]
[Round "1"]
[White "SmirnovTimofey2000"]
[Black "wonderfultime"]
[Result "0-1"]
[WhiteElo "2505"]
[BlackElo "2997"]
[TimeControl "180+1"]
[EndTime "8:05:24 PDT"]
[Termination "wonderfultime won on time"]

1. d4 d5 2. Bf4 Nf6 3. e3 c5 4.
c3 Qb6 5. Qb3 c4 6. Qc2 g6 7.
Nf3 Bf5 8. Qc1 Bg7 9. Nbd2 O-O 10. Ne5 Nc6 11. Ndf3 Ne4 12. Nxc6 bxc6 13. h3 f6 14. Nd2 e5 15. Bh2 exd4 16. exd4 Nxd2 17. Qxd2 Rfe8+ 18. Be2 Bd3 19. O-O Rxe2 20. Qc1 Rae8 21. Rd1 Qxb2 22. Qxb2 Rxb2 23. f3 Ree2 24. Bd6 Bf8 25. Bxf8 Rxg2+ 0-1

[Event "Early-Titled-Tuesday-Blitz-October-24-2023"]
[Site "Chess.com"]
[Date "2023.10.24"]
[Round "1"]
[White "kuanysh1981"]
[Black "LiemLe"]
[Result "0-1"]
[WhiteElo "2508"]
[BlackElo "2982"]
[TimeControl "180+1"]
[EndTime "8:05:25 PDT"]
[Termination "LiemLe won by resignation"]

1. d4 Nf6 2. Nf3 b6 3. g3 Bb7 4. Bg2 g6 5. O-O Bg7 6. c4 O-O 7. Nc3 Ne4 8. Qd3 Nxc3 9. bxc3 Nc6 10. e4 e5 11. Be3 d6 12. Nd2 Qe7 13. f4 Rad8 14.
h4 Rfe8 15. fxe5 dxe5 16. d5 Nb8 17. h5 Nd7 18. Nf3 Nc5 19. Qc2 Ba6 20. Nd2 Rf8 21. Rf2 Bc8 22. Raf1 f5 23. hxg6 hxg6 24. exf5 gxf5 25.
Nf3 Ne4 26. Nh4 Nxf2 27. Bxf2 Rd6 28. c5 Rh6 29. d6 cxd6 30. cxd6 Qxd6 31. Rd1 Qc7 32. Bd5+ Kh8 33. Bb3 e4 34. Qd2 f4 35.
Qd5 fxg3 36. Bd4 Rxh4 37. Qg5 Rh7 0-1

[Event "Early-Titled-Tuesday-Blitz-October-24-2023"]
[Site "Chess.com"]
[Date "2023.10.24"]
[Round "1"]
[White "ArmanGhevondyanchess"]
[Black "Maluco_do_Natal_00"]
[Result "1-0"]
[WhiteElo "2530"]
[BlackElo "1998"]
[TimeControl "180+1"]
[EndTime "8:05:26 PDT"]
[Termination "ArmanGhevondyanchess won on time"]

1. Nf3 d5 2. d4 Nf6 3. g3 e6 4.
Bg2 Nbd7 5. O-O Bd6 6. c4 c6 7.
Nc3 O-O 8. Nd2 a6 9. e4 dxe4 10. Ndxe4 Nxe4 11. Nxe4 Be7 12. Be3 Nf6 13. Qe2 b6 14.
Nxf6+ Bxf6 15. Bxc6 Ra7 16. Rfd1 Bb7 17. Bxb7 Rxb7 18. Rd2 Qc8 19. Rad1 Rd7 20. d5 exd5 21. Rxd5 Rxd5 22. cxd5 b5 23. d6 Rd8 24. Bb6 Rd7 25.
Bc7 g6 26. Qf3 Bd8 27. Bxd8 Qxd8 28. Qc6 a5 29. Qxb5 Rxd6 30. Rxd6 Qxd6 31. Qxa5 Qd1+ 32. Kg2 Qc2 33. Qa8+ Kg7 34. Qa3 Kg8 35. h4 h5 36.
Qb3 Qe4+ 37. Kh2 Qf5 38. Qb6 g5 39. hxg5 Qxg5 40. Qb8+ Kh7 41. Qf4 Qg7 42. b4 Qb2 43. a4 1-0

[Event "Early-Titled-Tuesday-Blitz-October-24-2023"]
[Site "Chess.com"]
[Date "2023.10.24"]
[Round "1"]
[White "Mr_Lion22"]
[Black "FGHSMN"]
[Result "0-1"]
[WhiteElo "2491"]
[BlackElo "2902"]
[TimeControl "180+1"]
[EndTime "8:05:31 PDT"]
[Termination "FGHSMN won by resignation"]

1. d4 Nf6 2. c4 d6 3. Nc3 Bf5 4. Nf3 g6 5. Nh4 Bd7 6. e4 e5 7.
Nf3 exd4 8. Nxd4 Bg7 9. Be2 O-O 10. O-O Nc6 11. Be3 Re8 12. f3 Nh5 13. f4 Nf6 14. Bf3 Na5 15. Qd3 Ng4 16. Bxg4 Bxg4 17. b4 Nc6 18. Nd5 f5 19. exf5 Rxe3 20. Nxe3 Bxd4 21.
b5 Bxf5 22. Qd2 Bxa1 23. bxc6 Qf6 24. cxb7 Rb8 25. Nxf5 gxf5 26. Qb4 Bd4+ 27. Kh1 Bb6 28. Qa4 Rxb7 29. Qe8+ Qf8 30. Qc6 Rb8 31. Rf3 Re8 32.
Rg3+ Kh8 33. h3 Re1+ 0-1

[Event "Early-Titled-Tuesday-Blitz-October-24-2023"]
[Site "Chess.com"]
[Date "2023.10.24"]
[Round "1"]
[White "rikchessmx"]
[Black "GeorgiosSouleidis"]
[Result "0-1"]
[WhiteElo "2292"]
[BlackElo "2615"]
[TimeControl "180+1"]
[EndTime "8:05:33 PDT"]
[Termination "GeorgiosSouleidis won by resignation"]

1. e4 c5 2. Nf3 e6 3. d4 cxd4 4.
Nxd4 Nf6 5. Nc3 Nc6 6. Nxc6 bxc6 7. Bd3 d5 8. O-O Be7 9. Qe2 O-O 10. b3 Nd7 11.
Bb2 Nc5 12. Rad1 Qc7 13. f4 Nxd3 14. cxd3 a5 15. Rf3 Ba6 16. Rh3 g6 17. f5 exf5 18. exf5 Rae8 19. Qg4 Bf6 20. Nxd5 Qa7+ 21. Kh1 Bxb2 22.
f6 cxd5 23. Qg5 Qf2 24. g4 Qxf6 25. Qh6 Qg7 26. Qd2 Bc3 27. Qf2 Bd4 28. Qf3 Re3 29. Qf4 Rxh3 30. Kg2 Re3 0-1

[Event "Early-Titled-Tuesday-Blitz-October-24-2023"]
[Site "Chess.com"]
[Date "2023.10.24"]
[Round "1"]
[White "NMJeevanK"]
[Black "Shivagami"]
[Result "1-0"]
[WhiteElo "2586"]
[BlackElo "2253"]
[TimeControl "180+1"]
[EndTime "8:05:34 PDT"]
[Termination "NMJeevanK won by resignation"]

1. g3 d5 2. Bg2 e5 3. d3 Nc6 4. Nd2 f5 5. e4 Nf6 6. exd5 Nxd5 7. Ngf3 Be7 8. O-O O-O 9. Re1 Bf6 10. Nc4 Re8 11. a4 a6 12. c3 Rb8 13. Qb3 Be6 14. Qc2 Bf7 15. Bd2 b5 16. axb5 axb5 17. Na5 Nxa5 18.
Rxa5 c6 19. c4 Nc7 20. b3 Qd6 21. Ra7 Rbd8 22. Ba5 Rd7 23. Bxc7 Rxc7 24. Rxc7 Qxc7 25. cxb5 Rb8 26. bxc6 Bxb3 27. Qc5 Re8 28. Nd4 Bf7 29. Nb5 Qe7 30. Qxe7 Bxe7 31. Rxe5 1-0

[Event "Early-Titled-Tuesday-Blitz-October-24-2023"]
[Site "Chess.com"]
[Date "2023.10.24"]
[Round "1"]
[White "Khromkin"]
[Black "Beca95"]
[Result "0-1"]
[WhiteElo "2500"]
[BlackElo "2937"]
[TimeControl "180+1"]
[EndTime "8:05:35 PDT"]
[Termination "Beca95 won by checkmate"]

1. d4 d5 2. c4 dxc4 3. Nf3 Nf6 4. e3 e6 5. Bxc4 a6 6. O-O c5 7. Bd3 Nc6 8. Qe2 cxd4 9. exd4 Be7 10. Nc3 Nb4 11. Bb1 Bd7 12. Rd1 Bc6 13. Ne5 Rc8 14.
a3 Nbd5 15. Ne4 Nxe4 16. Bxe4 O-O 17. Rd3 f5 18. Bf3 Bf6 19. Bd2 Bxe5 20. Qxe5 Qd7 21. Re1 Rfe8 22. Bh5 g6 23. Rg3 Qg7 24. Qe2 Nf6 25. Bf3 Bxf3 26. Qxf3 Nd5 27. Bf4 Qxd4 28. Be5 Qd2 29. Rf1 Rc1 30. Qh5 Rxf1+ 31. Kxf1 Qc1+ 32. Ke2 Qc2+ 33. Kf1 f4 34. Qh6 Qd1# 0-1

[Event "Early-Titled-Tuesday-Blitz-October-24-2023"]
[Site "Chess.com"]
[Date "2023.10.24"]
[Round "1"]
[White "Laico"]
[Black "yosephtaher"]
[Result "0-1"]
[WhiteElo "2414"]
[BlackElo "2770"]
[TimeControl "180+1"]
[EndTime "8:05:35 PDT"]
[Termination "yosephtaher won by resignation"]

1. e4 c5 2. Nc3 g6 3. f4 Bg7 4. Nf3 Nc6 5. Bb5 Nd4 6. O-O e6 7. d3 Ne7 8. Nxd4 cxd4 9. Ne2 O-O 10. Ba4 f5 11. Bb3 Kh8 12. Kh1 d6 13. Bd2 a5 14. a4 e5 15. Qe1 Nc6 16. Ng3 fxe4 17. dxe4 exf4 18. Bxf4 Qe7 19. Qd2 Be6 20. Bd5 Qd7 21. Ne2 Bxd5 22. exd5 Nb4 23. Nxd4 Nxd5 24. Bg3 Nb4 25. c3 Na6 26. Rad1 Nc5 27. b3 Rxf1+ 28. Rxf1 Ne4 29. Qd3 d5 30. c4 Re8 31.
Nb5 d4 32. Rd1 Nc5 33. Qf3 d3 34. Bf2 Ne4 35. Be3 d2 36. g3 Qd3 37. Kg2 Rf8 38. Bf4 Qc2 39. Kh3 Qxd1 0-1

[Event "Early-Titled-Tuesday-Blitz-October-24-2023"]
[Site "Chess.com"]
[Date "2023.10.24"]
[Round "1"]
[White "js20000"]
[Black "chess_blitz00"]
[Result "1-0"]
[WhiteElo "2915"]
[BlackElo "2493"]
[TimeControl "180+1"]
[EndTime "8:05:39 PDT"]
[Termination "js20000 won on time"]

1. Nf3 Nf6 2. b3 g6 3. Bb2 Bg7 4. g3 O-O 5. Bg2 d6 6. d4 Nbd7 7. O-O e5 8. dxe5 dxe5 9. Nxe5 Ng4 10. Nc4 Bxb2 11. Nxb2 Qf6 12. c3 Nc5 13. Qd4 Qe7 14. Nd3 Nxd3 15. exd3 Rd8 16. Qe4 Qxe4 17. dxe4 Be6 18.
Na3 Rd2 19. Nb5 c6 20. Nc7 Rad8 21. Nxe6 fxe6 22. Bh3 h5 23. f3 Nxh2 24. Bxe6+ Kg7 25. Rf2 Rxf2 26. Kxf2 Rd2+ 27. Ke3 Rg2 28. Rh1 g5 29. a4 g4 30. fxg4 hxg4 31. Kf4 Rf2+ 32. Ke5 Kg6 33.
Bf5+ Kg5 34. Kd6 Nf3 35. Rh8 Rd2+ 36. Kc7 Ne5 37. Rg8+ Kf6 38. Bxg4 Kf7 39. Rg5 Ng6 40.
Bh5 Ke7 41. Rxg6 Rd7+ 42. Kb8 Rd8+ 43. Kxa7 Rd3 44. Rg7+ 1-0

[Event "Early-Titled-Tuesday-Blitz-October-24-2023"]
[Site "Chess.com"]
[Date "2023.10.24"]
[Round "1"]
[White "jcibarra"]
[Black "only_strong_moves"]
[Result "1-0"]
[WhiteElo "2934"]
[BlackElo "2499"]
[TimeControl "180+1"]
[EndTime "8:05:40 PDT"]
[Termination "jcibarra won by resignation"]

1. e4 e5 2. Nf3 Nc6 3. Bb5 Nf6 4. O-O Nxe4 5. d4 Nd6 6. dxe5 Nxb5 7. a4 Nbd4 8. Nxd4 Nxd4 9. Qxd4 Be7 10. Nc3 O-O 11. Bf4 d6 12. exd6 cxd6 13. Nd5 Be6 14. Rad1 Bxd5 15.
Qxd5 Qb6 16. Rfe1 Bf6 17. b3 Rac8 18. Re2 h6 19. h3 Rc6 20. Rd3 Rd8 21. c4 Rc5 22.
Qe4 Rc6 23. Qd5 Rc5 24. Qf3 Be5 25. Be3 Re8 26. Bxc5 Qxc5 27. Qxb7 Bh2+ 28. Kf1 Be5 29. g3 Rf8 30. Kg2 1-0

[Event "Early-Titled-Tuesday-Blitz-October-24-2023"]
[Site "Chess.com"]
[Date "2023.10.24"]
[Round "1"]
[White "SnekkerAndersen"]
[Black "OLDTERMINATOR"]
[Result "1-0"]
[WhiteElo "2523"]
[BlackElo "1698"]
[TimeControl "180+1"]
[EndTime "8:05:40 PDT"]
[Termination "SnekkerAndersen won by checkmate"]

1. d4 Nf6 2. Nf3 g6 3. g3 Bg7 4.
Bg2 O-O 5. O-O d6 6. c4 Nbd7 7.
Nc3 c6 8. b3 Qc7 9. Bb2 a6 10.
e4 Re8 11. Rc1 e5 12. d5 c5 13. Ne1 Rf8 14. Nd3 Rb8 15. a4 Nh5 16. Bf3 Nhf6 17.
Qd2 Ne8 18. Bg2 f5 19. f4 Nef6 20. exf5 gxf5 21. fxe5 Nxe5 22. Rce1 Nxd3 23. Qxd3 Bd7 24. Ne2 Rbe8 25. Nf4 Ne4 26. Bxg7 Kxg7 27. Bxe4 fxe4 28.
Rxe4 Bf5 29. Qc3+ Kg8 30. Rxe8 Rxe8 31. Nh5 Bh3 32. Nf6+ Kf7 33. Nxe8+ Kxe8 34. Qh8+ Ke7 35. Qg7+ Kd8 36. Rf8# 1-0

[Event "Early-Titled-Tuesday-Blitz-October-24-2023"]
[Site "Chess.com"]
[Date "2023.10.24"]
[Round "1"]
[White "Manukyan_Artak"]
[Black "Alex_Sahakyan2006"]
[Result "1/2-1/2"]
[WhiteElo "2410"]
[BlackElo "2736"]
[TimeControl "180+1"]
[EndTime "8:05:44 PDT"]
[Termination "Game drawn by agreement"]

1. e4 c5 2. Nf3 g6 3. c3 Nf6 4. e5 Nd5 5. d4 cxd4 6. cxd4 Bg7 7. Nc3 Nxc3 8. bxc3 d6 9. Bf4 O-O 10. h3 Nc6 11.
Bd3 dxe5 12. dxe5 Qa5 13. O-O Nxe5 14. Nxe5 Bxe5 15. Bxe5 Qxe5 16. Re1 Qg5 17. Qf3 Be6 18. Bc2 Bd5 19. Be4 e6 20. Bxd5 exd5 21. Rad1 Rad8 22. Rd4 Rd6 23. Red1 Rc8 24. Rxd5 Rxd5 25. Rxd5 Qc1+ 26. Rd1 Qc2 27. Rd7 Qxa2 28. Qxb7 1/2-1/2

[Event "Early-Titled-Tuesday-Blitz-October-24-2023"]
[Site "Chess.com"]
[Date "2023.10.24"]
[Round "1"]
[White "Krakozia"]
[Black "SONOFHOLYGOD"]
[Result "1-0"]
[WhiteElo "2971"]
[BlackElo "2507"]
[TimeControl "180+1"]
[EndTime "8:05:49 PDT"]
[Termination "Krakozia won by resignation"]

1. Nf3 d5 2. g3 Nf6 3. Bg2 e6 4. O-O Be7 5. c4 O-O 6. b3 b6 7. d4 Bb7 8. Bb2 Nbd7 9. Nc3 c5 10. Ne1 Qc8 11. cxd5 exd5 12. Rc1 Rd8 13. Nd3 c4 14. Nf4 b5 15. Ncxd5 Nxd5 16. Nxd5 Bxd5 17. Bxd5 Rb8 18. bxc4 bxc4 19. Bxc4 Qb7 20. Qb3 Qe4 21.
Qc2 Qg4 22. Bb3 Bg5 23. e3 Nf6 24. Qc7 Qh5 25. Rc5 h6 26. h4 Ne4 27. hxg5 Nxc5 28. Qxc5 hxg5 29. Kg2 Rbc8 30. Qf5 Rc6 31. Rh1 Qg6 32.
Bxf7+ Qxf7 33. Rh8+ Kxh8 34. Qxf7 1-0

[Event "Early-Titled-Tuesday-Blitz-October-24-2023"]
[Site "Chess.com"]
[Date "2023.10.24"]
[Round "1"]
[White "falzehope0"]
[Black "KNCP_719"]
[Result "1-0"]
[WhiteElo "2340"]
[BlackElo "2603"]
[TimeControl "180+1"]
[EndTime "8:05:51 PDT"]
[Termination "falzehope0 won on time"]

1. d4 d5 2. e3 Nf6 3. Bd3 c5 4. c3 Nc6 5. f4 Bg4 6. Ne2 e6 7. Nd2 cxd4 8. exd4 Bd6 9. O-O O-O 10. Nf3 Ne4 11.
Bxe4 dxe4 12. Ng5 Bf5 13. Ng3 Be7 14. N5xe4 Rc8 15. Qe2 Bg6 16. f5 exf5 17. Nxf5 Re8 18. Qg4 Bf8 19. Bg5 Qd5 20. Neg3 Qb5 21. Rf2 Na5 22.
h4 h5 23. Nxh5 Bxh5 24. Qxh5 g6 25. Nh6+ Bxh6 26. Qxh6 Re6 27. Raf1 Rf8 28. Rf6 1-0

[Event "Early-Titled-Tuesday-Blitz-October-24-2023"]
[Site "Chess.com"]
[Date "2023.10.24"]
[Round "1"]
[White "MagnusCarlsen"]
[Black "masterofpuppets2"]
[Result "1-0"]
[WhiteElo "3266"]
[BlackElo "2522"]
[TimeControl "180+1"]
[EndTime "8:05:53 PDT"]
[Termination "MagnusCarlsen won by resignation"]

1. f4 d5 2. b3 Nf6 3. Bb2 g6 4. g3 Bg7 5. Bg2 O-O 6. Nf3 c5 7. O-O d4 8. Ne5 Nd5 9. e4 dxe3 10. c4 Nb4 11. a3 e2 12. Qxe2 Nc2 13. Ra2 Nd4 14. Qf2 Nxb3 15. Nc3 Nd4 16. Ne4 Qc7 17. Nxc5 Qxc5 18. Bxd4 Qc7 19. Rb2 Nd7 20. Re1 Nf6 21.
h3 Rd8 22. Bc3 a6 23. Qb6 Qxb6+ 24. Rxb6 Nd7 25. Rb2 Nc5 26. Ba5 Re8 27. Re3 Bxe5 28.
fxe5 Be6 29. d4 Na4 30. Rb4 b5 31. d5 Bd7 32. e6 Bc8 33. d6 Bxe6 34. Bxa8 Rxa8 35.
cxb5 axb5 36. dxe7 Re8 37. Bd8 Nc5 38. Rxb5 Nd7 39.
a4 Kg7 40. a5 Kf6 41. a6 Bc4 42.
a7 Bxb5 43. a8=Q 1-0

[Event "Early-Titled-Tuesday-Blitz-October-24-2023"]
[Site "Chess.com"]
[Date "2023.10.24"]
[Round "1"]
[White "Aleksandar-Topalov"]
[Black "pedro_gines"]
[Result "0-1"]
[WhiteElo "2400"]
[BlackElo "2741"]
[TimeControl "180+1"]
[EndTime "8:05:54 PDT"]
[Termination "pedro_gines won by resignation"]

1. b3 g6 2. Bb2 Nf6 3. Bxf6 exf6 4. c4 d5 5. cxd5 Qxd5 6. e3 f5 7. Nc3 Qd8 8. d4 Bg7 9. Nge2 O-O 10. g3 c5 11. Bg2 cxd4 12. Nxd4 Nc6 13. Nce2 Nxd4 14. Nxd4 Qa5+ 15. Qd2 Qxd2+ 16. Kxd2 Rd8 17. Rhd1 f4 18.
gxf4 Bg4 19. f3 Bxd4 20. exd4 Rxd4+ 21. Ke3 Rxd1 22. Rxd1 Be6 23. Rc1 a5 24. Rc3 b5 25.
Bf1 b4 26. Rc5 a4 27. Rb5 Bxb3 28. Rxb4 Bxa2 29. Kd4 Be6 30. Rb1 a3 31. Ra1 Ra4+ 32. Ke3 a2 33. Bd3 Kg7 34. Bc2 Ra3+ 35. Ke2 Kh6 36.
Bd1 Kh5 37. Kd2 Kh4 38. Kc1 Kh3 0-1

[Event "Early-Titled-Tuesday-Blitz-October-24-2023"]
[Site "Chess.com"]
[Date "2023.10.24"]
[Round "1"]
[White "karinachess1"]
[Black "Treasurechess777"]
[Result "1-0"]
[WhiteElo "2639"]
[BlackElo "2324"]
[TimeControl "180+1"]
[EndTime "8:05:56 PDT"]
[Termination "karinachess1 won by resignation"]

1. d4 Nf6 2. c4 e6 3. Nc3 d5 4. cxd5 exd5 5. Bg5 c6 6. e3 Bd6 7. Bd3 O-O 8. Nf3 Bg4 9. Qc2 h6 10. Bh4 Bxf3 11. gxf3 Nbd7 12. f4 Re8 13. O-O-O c5 14. dxc5 Bxc5 15. Bf5 d4 16. Ne4 Be7 17. Rxd4 Rc8 18.
Nc3 Qa5 19. Kb1 Rc7 20. Rhd1 Nb6 21. Bd3 Nfd5 22. Bxe7 Nxc3+ 23. bxc3 Rexe7 24. Rd8+ 1-0

[Event "Early-Titled-Tuesday-Blitz-October-24-2023"]
[Site "Chess.com"]
[Date "2023.10.24"]
[Round "1"]
[White "Flaccidmoves"]
[Black "amanmuhammethommadov"]
[Result "1-0"]
[WhiteElo "2404"]
[BlackElo "2695"]
[TimeControl "180+1"]
[EndTime "8:05:57 PDT"]
[Termination "Flaccidmoves won by resignation"]

1. c4 Nf6 2. Nc3 g6 3. e4 d6 4.
d4 Bg7 5. Nf3 O-O 6. h3 e5 7. d5 Nh5 8. g3 f5 9. exf5 gxf5 10. Be2 Nf6 11. Be3 a5 12. Qc2 Na6 13. O-O-O b6 14. Ng5 Qe7 15. f4 h6 16. Nf3 e4 17.
Nd4 Bd7 18. Rhg1 h5 19. a3 Nc5 20. Ncb5 Rfc8 21. Kb1 a4 22. Rg2 Qf7 23. Rdg1 Qg6 24. g4 hxg4 25. hxg4 fxg4 26. f5 Qf7 27. Bxg4 Kf8 28. Ne6+ Bxe6 29. fxe6 Qe7 30. Bf5 Bh8 31. Bh6+ Ke8 32. Rg8+ Nxg8 33. Rxg8+ Qf8 34. Rxf8+ 1-0